 Dungeon Crawl Stone Soup version 0.19-a0-1886-gd64a0f0 (webtiles) character file.

60 Amnesiac the Chucker (level 3, 0/29 HPs)
             Began as a Demonspawn Wanderer on Oct 16, 2016.
             Was an Initiate of Gozag.
             Succumbed to an adder's poison
             ... on level 1 of the Dungeon.
             The game lasted 00:03:04 (1554 turns).

Amnesiac the Chucker (Demonspawn Wanderer)          Turns: 1554, Time: 00:03:05

Health: 0/29       AC:  2    Str: 12    XL:     3   Next: 82%
Magic:  3/3        EV: 16    Int: 14    God:    Gozag
Gold:   221        SH:  0    Dex: 23    Spells: 0 memorised, 2 levels left

rFire  . . .     SeeInvis .     d - +0 blowgun
rCold  + . .     Gourm    .     e - +0 robe
rNeg   . . .     Faith    .     (no shield)
rPois  .         Spirit   .     (no helmet)
rElec  .         Dismiss  .     (no cloak)
rCorr  .         Reflect  .     (no gloves)
MR     .....     Harm     .     (no boots)
Stlth  +++.......               (no amulet)
                                (no ring)
                                c - ring of protection from cold

@: agile, lethally poisoned (0 -> -3)
A: agile 1, blurry vision 1, clever 2, powered by pain 1
a: Potion Petition, Call Merchant, Bribe Branch, Renounce Religion


You were on level 1 of the Dungeon.
You worshipped Gozag.
Gozag was aware of your devotion.
You were full.

You visited 1 branch of the dungeon, and saw 2 of its levels.

You collected 245 gold pieces.
You paid 24 gold pieces to Gozag.

Inventory:

Hand Weapons
 d - a +0 blowgun (weapon)
 f - a +0 dagger
Armour
 e - a +0 robe (worn)
Jewellery
 c - a ring of protection from cold (left hand)
Wands
 a - a wand of flame (15/48)
Scrolls
 b - a scroll of teleportation
 i - a scroll of remove curse
Comestibles
 g - a bread ration


   Skills:
 - Level 3.0 Fighting
 + Level 3.4 Throwing
 - Level 2.6 Armour
 - Level 1.7 Stealth
 - Level 1.0 Evocations


You had 2 spell levels left.
You didn't know any spells.

Dungeon Overview and Level Annotations

Branches:
Dungeon (2/15)

Altars:
Ashenzari
Gozag


Innate Abilities, Weirdness & Mutations

You sometimes gain a little power by taking damage.
You are agile. (Dex +2)
Scrolls take you a little longer to read.
Your mind is very acute. (Int +4)


Message History

As you read the scroll labeled JOOWETE WILYTS, it crumbles to dust.
You feel blessed for a moment.
It was a scroll of remove curse.
You begin reading the scroll.
You continue reading the scroll.
As you read the scroll labeled OCAUQU BACROTT, it crumbles to dust.
You hear a loud clanging noise!
It was a scroll of noise.
You begin reading the scroll.
You continue reading the scroll.
As you read the scroll labeled GAINTO MAUCH, it crumbles to dust.
It is a scroll of identify.
c - an uncursed ring of protection from cold Put on which piece of jewellery? (? for menu, Esc to quit)
c - a ring of protection from cold (left hand)
You aren't carrying any potions.
There is a lethal amount of poison in your body!
There is a lethal amount of poison in your body!
There is a lethal amount of poison in your body!
There is a lethal amount of poison in your body!
There is a lethal amount of poison in your body!
You die...
Your body crumbles into a pile of gold.

#########.#######.#
..................#
#########.######### #
#.# #### #.########
...### #........#
##...## #.##.###.#
###..# #.##.###.###
##'###..)....@..#
####...##.##.###.#.#
........#.##.###.#.#
.....⌠..#.##.......#
........#.##..####.#
####...##.##..# #.#
##
######.##..####.#####
.## #.##...........#
..# #.....####.#####


There were no monsters in sight!

Vanquished Creatures
  2 adders (D:2)
  3 dart slugs
  A ball python (D:1)
  4 bats (D:1)
  4 giant cockroaches
  6 goblins
  5 hobgoblins (D:1)
  3 jackals (D:1)
  3 kobolds (D:1)
  3 rats
34 creatures vanquished.

Notes
Turn   | Place    | Note
-------+----------+-------------------------------------------
     0 | D:1      | Amnesiac the Demonspawn Wanderer began the quest for the Orb.
     0 | D:1      | Amnesiac set off with: a wand of flame (15/48), a scroll of teleportation, 14 poisoned needles, a +0 blowgun, a +0 robe, a +0 dagger, a bread ration
     0 | D:1      | Reached XP level 1. HP: 18/18 MP: 1/1
   376 | D:2      | Found an opulent altar of Gozag.
   386 | D:2      | Became a worshipper of Gozag Ym Sagoz the Greedy
   414 | D:1      | Gained mutation: You sometimes gain a little power by taking damage. [demonic ancestry]
   414 | D:1      | Reached XP level 2. HP: 18/24 MP: 2/2
  1054 | D:1      | Found a shattered altar of Ashenzari.
  1107 | D:1      | Reached XP level 3. HP: 26/29 MP: 3/3
  1541 | D:1      | Gained mutation: Your mind is acute. (Int +2) [potion of mutation]
  1541 | D:1      | Gained mutation: Scrolls take you a little longer to read. [potion of mutation]
  1541 | D:1      | Gained mutation: You are agile. (Dex +2) [potion of mutation]
  1544 | D:1      | Lost mutation: You are agile. (Dex +2) [potion of mutation]
  1544 | D:1      | Gained mutation: You are agile. (Dex +2) [potion of mutation]
  1544 | D:1      | Gained mutation: Your mind is very acute. (Int +4) [potion of mutation]
  1544 | D:1      | HP: 1/29 [poisoned by an adder]
  1554 | D:1      | Succumbed to an adder's poison

Vault maps used:
D:1:      minmay_arrival_split_and_join, evilmike_ruin_ashenzari
D:2:      nicolae_overflow_hidden_temple, serial_bayou_pond_c,
          grunt_gozag_statues, uniq_natasha, uniq_sigmund

Skill      XL: |  1  2  3 |
---------------+----------+-----
Throwing       | 2 3 |  3.4
Fighting       | |  3.0
Armour         | |  2.6
Stealth        | |  1.7
Evocations     | |  1.0

Action                   || total
-------------------------++-------
Melee: Blowgun           ||     3
 Fire: Blowgun           ||   138
  Use: Scroll            ||     3
       Potion            ||     3
  Eat: Fruit             ||     5
       Pizza             ||     1
Armor: Robe              ||    18
Dodge: Dodged            ||    45
